MLB
LOS ANGELES DODGERS @ ARIZONA DIAMONDBACKS
08/29/2019
 
TOP OF THE 1ST
Los Angeles Dodgers batting - Pitching for Arizona Diamondbacks : LHP Max Fried
Pitching: LHP Max Fried
Batting: RHB Jose Peraza 0-0: Ball
1-0: Foul Ball, location: 2F
1-1: SINGLE (Groundball, 6MD, EV 98.1 MPH)
Batting: RHB Mookie Betts 0-0: Ball
1-0: Ball
2-0: Called Strike
2-1: Ball
3-1: Fly out, F1 (Line Drive, P, EV 63.8 MPH)
Batting: RHB Jonathan Schoop 0-0: Ball
Jose Peraza is caught stealing 2nd base 2-4
1-0: Called Strike
1-1: Foul Ball, location: 2F
1-2: Ball
2-2: Ball
3-2: Base on Balls
Batting: LHB Brian Goodwin 0-0: Called Strike
0-1: Ball
1-1: 2-RUN HOME RUN (Flyball, 8LXD, EV 102.5 MPH), Distance : 431 ft
Batting: RHB Josh Donaldson 0-0: Ball
1-0: Ball
2-0: Called Strike
2-1: Ball
3-1: Base on Balls
Batting: RHB Randal Grichuk 0-0: Ball
1-0: Fly out, F7 (Line Drive, 7S, EV 93.1 MPH)
Top of the 1st over - 2 runs, 2 hits, 0 errors, 1 left on base; Los Angeles 2 - Arizona 0
BOTTOM OF THE 1ST
Arizona Diamondbacks batting - Pitching for Los Angeles Dodgers : RHP Mike Foltynewicz
Pitching: RHP Mike Foltynewicz
Batting: LHB Raimel Tapia 0-0: SINGLE (Groundball, 34D, EV 99.4 MPH)
Batting: LHB Alex Verdugo 0-0: Ball
1-0: Foul Ball, location: 2F
1-1: Ball
2-1: Ball
3-1: Foul Ball, location: 2F
3-2: Fly out, F8 (Line Drive, 8RD, EV 98.8 MPH)
Batting: RHB Gleyber Torres 0-0: Called Strike
0-1: Ball
1-1: Called Strike
1-2: Strikes out swinging
Batting: LHB Ryan McMahon 0-0: Ball
1-0: Ball
2-0: Ground out 1-3 (Groundball, 13, EV 91.3 MPH)
Bottom of the 1st over - 0 runs, 1 hit, 0 errors, 1 left on base; Los Angeles 2 - Arizona 0
TOP OF THE 2ND
Los Angeles Dodgers batting - Pitching for Arizona Diamondbacks : LHP Max Fried
Batting: SHB Justin Smoak 0-0: Called Strike
0-1: Ball
1-1: Foul Ball, location: 2F
1-2: Foul Ball, location: 2F
1-2: Ball
2-2: Ground out 6-3 (Groundball, 6, EV 86.3 MPH)
Batting: LHB Tony Wolters 0-0: Ball
1-0: Foul Ball, location: 2F
1-1: SINGLE (Line Drive, 7S, EV 110.0 MPH)
Batting: RHB Mike Foltynewicz 0-0: Bunted foul
0-1: Fly out, F9 (Line Drive, 9, EV 96.9 MPH)
Batting: RHB Jose Peraza 0-0: Called Strike
0-1: Reached on error, E4 (Groundball, 4, EV 81.9 MPH)
Tony Wolters to second
Batting: RHB Mookie Betts 0-0: Ball
1-0: Foul Ball, location: 2F
1-1: Ball
2-1: Foul Ball, location: 2F
2-2: Foul Ball, location: 2F
2-2: Ball
3-2: SINGLE (Line Drive, 6MD, EV 99.4 MPH)
Tony Wolters to third
Jose Peraza to second
Tony Wolters scores
Jose Peraza to third
Batting: RHB Jonathan Schoop 0-0: Ball
1-0: Ball
2-0: Ball
3-0: Base on Balls
Mookie Betts to second
Batting: LHB Brian Goodwin 0-0: SINGLE (Groundball, 3D, EV 96.9 MPH)
Jose Peraza scores
Mookie Betts to third
Jonathan Schoop to second
Runner from 3rd tries for Home, SAFE, no throw by RF
Pitching: RHP Dillon Tate
Batting: RHB Josh Donaldson 0-0: Swinging Strike
0-1: Foul Ball, location: 2F
0-2: Ball
1-2: Ball
2-2: SINGLE (Groundball, 3D, EV 102.5 MPH)
Jonathan Schoop to third
Brian Goodwin to second
Runner from 3rd tries for Home, SAFE, throw by RF to home
Batting: RHB Randal Grichuk 0-0: Hit by Pitch
Brian Goodwin to third
Josh Donaldson to second
Batting: SHB Justin Smoak 0-0: Ball
1-0: Foul Ball, location: 2F
1-1: Ball
2-1: Ball
3-1: Base on Balls
Brian Goodwin scores
Josh Donaldson to third
Randal Grichuk to second
Batting: LHB Tony Wolters 0-0: Foul Ball, location: 2F
0-1: Called Strike
0-2: Ball
1-2: Fielders Choice at 2nd, 6-4 (Groundball, 6, EV 86.9 MPH)
Top of the 2nd over - 5 runs, 4 hits, 1 error, 3 left on base; Los Angeles 7 - Arizona 0
BOTTOM OF THE 2ND
Arizona Diamondbacks batting - Pitching for Los Angeles Dodgers : RHP Mike Foltynewicz
Batting: SHB Francisco Mejia 0-0: Ball
1-0: Ball
2-0: Foul Ball, location: 2F
2-1: Reached on error, E3 (Groundball, 3, EV 88.1 MPH)
Batting: LHB Josh Reddick 0-0: Called Strike
0-1: Called Strike
0-2: Ball
1-2: Ball
2-2: Fly out, F7 (Flyball, 7LSF, EV 88.1 MPH)
Batting: RHB Tim Beckham 0-0: Ball
1-0: Ball
2-0: Foul Ball, location: 2F
2-1: Foul Ball, location: 2F
2-2: Ball
3-2: Fly out, F8 (Flyball, 8RM, EV 94.4 MPH)
Batting: RHB Zack Short 0-0: Ball
1-0: Foul Ball, location: 2F
1-1: Ball
2-1: Ball
3-1: Base on Balls
Francisco Mejia to second
Batting: RHB Dillon Tate 0-0: Called Strike
0-1: Called Strike
0-2: Ball
1-2: Strikes out looking
Bottom of the 2nd over - 0 runs, 0 hits, 1 error, 2 left on base; Los Angeles 7 - Arizona 0
TOP OF THE 3RD
Los Angeles Dodgers batting - Pitching for Arizona Diamondbacks : RHP Dillon Tate
Batting: RHB Mike Foltynewicz 0-0: Called Strike
0-1: Ball
1-1: Foul Ball, location: 2F
1-2: DOUBLE (Groundball, 5L, EV 110.0 MPH)
Batting: RHB Jose Peraza 0-0: DOUBLE (Line Drive, 9LS, EV 105.6 MPH)
Mike Foltynewicz scores
Batting: RHB Mookie Betts 0-0: Ball
1-0: Foul Ball, location: 2F
1-1: Foul Ball, location: 2F
1-2: Ball
2-2: Foul Ball, location: 2F
2-2: Ball
Wild Pitch!
Jose Peraza to third
3-2: Base on Balls
Pitching: RHP Nick Gardewine
Batting: RHB Jonathan Schoop 0-0: Ball
1-0: Called Strike
1-1: Fly out, F4 (Popup, 4M, EV 74.4 MPH)
Batting: LHB Brian Goodwin 0-0: Ball
1-0: Called Strike
1-1: 3-RUN HOME RUN (Flyball, 9D, EV 87.5 MPH), Distance : 360 ft
Batting: RHB Josh Donaldson 0-0: Ball
1-0: Ball
2-0: Ball
3-0: Base on Balls
Batting: RHB Randal Grichuk 0-0: Called Strike
0-1: Called Strike
0-2: Ball
1-2: Ball
2-2: Fly out, F8 (Flyball, 8LD, EV 100.6 MPH)
Batting: SHB Justin Smoak 0-0: Ball
1-0: Ball
2-0: Ball
3-0: Called Strike
3-1: Base on Balls
Josh Donaldson to second
Batting: LHB Tony Wolters 0-0: Called Strike
0-1: Ball
1-1: Ball
2-1: Ball
3-1: Foul Ball, location: 2F
3-2: Strikes out swinging
Top of the 3rd over - 4 runs, 3 hits, 0 errors, 2 left on base; Los Angeles 11 - Arizona 0
BOTTOM OF THE 3RD
Arizona Diamondbacks batting - Pitching for Los Angeles Dodgers : RHP Mike Foltynewicz
Batting: LHB Raimel Tapia 0-0: Called Strike
0-1: Called Strike
0-2: Foul Ball, location: 2F
0-2: Ball
1-2: Foul Ball, location: 2F
1-2: Foul Ball, location: 2F
1-2: Foul Ball, location: 2F
1-2: Ball
2-2: Foul Ball, location: 2F
2-2: Ground out 1-3 (Groundball, 34S, EV 66.3 MPH)
Batting: LHB Alex Verdugo 0-0: Foul Ball, location: 2F
0-1: Ball
1-1: Swinging Strike
1-2: Ball
2-2: Ball
3-2: Strikes out swinging
Batting: RHB Gleyber Torres 0-0: Ball
1-0: Ball
2-0: Foul Ball, location: 2F
2-1: Ball
3-1: SINGLE (Groundball, 6MD, EV 101.3 MPH)
Batting: LHB Ryan McMahon 0-0: Ball
1-0: Fielders Choice at 2nd, 5-4 (Groundball, 56, EV 93.8 MPH)
Bottom of the 3rd over - 0 runs, 1 hit, 0 errors, 1 left on base; Los Angeles 11 - Arizona 0
TOP OF THE 4TH
Los Angeles Dodgers batting - Pitching for Arizona Diamondbacks : RHP Nick Gardewine
Batting: RHB Mike Foltynewicz 0-0: Called Strike
0-1: Fly out, F8 (Flyball, 8RS, EV 81.9 MPH)
Batting: RHB Jose Peraza 0-0: Ball
1-0: Ball
2-0: Foul Ball, location: 2F
2-1: Swinging Strike
2-2: Strikes out looking
Batting: RHB Mookie Betts 0-0: Ball
1-0: Foul Ball, location: 2F
1-1: Foul Ball, location: 2F
1-2: Foul Ball, location: 2F
1-2: Foul Ball, location: 2F
1-2: Ball
2-2: Fly out, F7 (Line Drive, 7, EV 89.4 MPH)
Top of the 4th over - 0 runs, 0 hits, 0 errors, 0 left on base; Los Angeles 11 - Arizona 0
BOTTOM OF THE 4TH
Arizona Diamondbacks batting - Pitching for Los Angeles Dodgers : RHP Mike Foltynewicz
Batting: SHB Francisco Mejia 0-0: SINGLE (Groundball, 6, EV 103.8 MPH) (infield hit)
Batting: LHB Josh Reddick 0-0: DOUBLE (Flyball, 89XD, EV 109.4 MPH)
Francisco Mejia to third
Batting: RHB Tim Beckham 0-0: Foul Ball, location: 2F
0-1: Ball
1-1: Foul Ball, location: 2F
1-2: Strikes out looking
Batting: RHB Zack Short 0-0: Fly out, F9 (Line Drive, 89S, EV 95.6 MPH)
Runner from 3rd tags up, SCORES, no throw by RF
Batting: RHB Nick Gardewine 0-0: Called Strike
0-1: Ball
1-1: Swinging Strike
1-2: Ball
2-2: Strikes out swinging
Bottom of the 4th over - 1 run, 2 hits, 0 errors, 1 left on base; Los Angeles 11 - Arizona 1
TOP OF THE 5TH
Los Angeles Dodgers batting - Pitching for Arizona Diamondbacks : RHP Nick Gardewine
Pitching: RHP Jairo Diaz
Batting: RHB Jonathan Schoop 0-0: Called Strike
0-1: Ball
1-1: Foul Ball, location: 2F
1-2: Strikes out swinging
Batting: LHB Brian Goodwin 0-0: Foul Ball, location: 2F
0-1: Called Strike
0-2: Ball
1-2: Foul Ball, location: 2F
1-2: Foul Ball, location: 2F
1-2: Fly out, F9 (Flyball, 9LM, EV 99.4 MPH)
Batting: RHB Josh Donaldson 0-0: Called Strike
0-1: Called Strike
0-2: Strikes out swinging
Top of the 5th over - 0 runs, 0 hits, 0 errors, 0 left on base; Los Angeles 11 - Arizona 1
BOTTOM OF THE 5TH
Arizona Diamondbacks batting - Pitching for Los Angeles Dodgers : RHP Mike Foltynewicz
Pitching: RHP Keynan Middleton
Batting: LHB Raimel Tapia 0-0: Ball
1-0: SOLO HOME RUN (Flyball, 78XD, EV 108.8 MPH), Distance : 401 ft
Batting: LHB Alex Verdugo 0-0: Ball
1-0: Ball
2-0: Foul Ball, location: 2F
2-1: Ball
3-1: Fly out, F7 (Flyball, 7D, EV 106.9 MPH)
Batting: RHB Gleyber Torres 0-0: Called Strike
0-1: Foul Ball, location: 2F
0-2: Strikes out swinging
Batting: LHB Ryan McMahon 0-0: DOUBLE (Groundball, 5L, EV 105.6 MPH)
Batting: SHB Francisco Mejia 0-0: Foul Ball, location: 2F
0-1: Called Strike
0-2: Foul Ball, location: 2F
0-2: Ball
1-2: Ball
2-2: Ball
3-2: Foul Ball, location: 2F
3-2: Ground out 5-3 (Groundball, 56S, EV 82.5 MPH)
Bottom of the 5th over - 1 run, 2 hits, 0 errors, 1 left on base; Los Angeles 11 - Arizona 2
TOP OF THE 6TH
Los Angeles Dodgers batting - Pitching for Arizona Diamondbacks : RHP Jairo Diaz
Batting: RHB Randal Grichuk 0-0: Ball
1-0: Ball
2-0: Foul Ball, location: 2F
2-1: Ball
3-1: Base on Balls
Batting: SHB Justin Smoak 0-0: Ball
1-0: Ball
2-0: Called Strike
2-1: Ball
3-1: Base on Balls
Randal Grichuk to second
Batting: LHB Tony Wolters 0-0: Ball
1-0: Called Strike
1-1: Foul Ball, location: 2F
1-2: Strikes out looking
Batting: RHB Keynan Middleton 0-0: Sac Bunt to 3S - play at first, batter OUT! 3-4
Randal Grichuk to third
Justin Smoak to second
Batting: RHB Jose Peraza 0-0: Ball
1-0: Foul Ball, location: 2F
1-1: Ball
2-1: Ball
3-1: Foul Ball, location: 2F
3-2: Strikes out swinging
Top of the 6th over - 0 runs, 0 hits, 0 errors, 2 left on base; Los Angeles 11 - Arizona 2
BOTTOM OF THE 6TH
Arizona Diamondbacks batting - Pitching for Los Angeles Dodgers : RHP Keynan Middleton
Batting: LHB Josh Reddick 0-0: Foul Ball, location: 2F
0-1: Ball
1-1: Swinging Strike
1-2: Strikes out swinging
Pitching: RHP Jonathan Holder
Batting: RHB Tim Beckham 0-0: Ground out 6-3 (Groundball, 6, EV 91.9 MPH)
Batting: RHB Zack Short 0-0: Called Strike
0-1: Fly out, F9 (Flyball, 9S, EV 91.9 MPH)
Bottom of the 6th over - 0 runs, 0 hits, 0 errors, 0 left on base; Los Angeles 11 - Arizona 2
TOP OF THE 7TH
Los Angeles Dodgers batting - Pitching for Arizona Diamondbacks : RHP Jairo Diaz
Pitching: LHP Dan Jennings
Pinch Hitting: RHB Josh Fuentes 0-0: Called Strike
0-1: Ball
1-1: Ground out 4-3 (Groundball, 4, EV 86.3 MPH)
Batting: RHB Jonathan Schoop 0-0: Called Strike
0-1: Hit by Pitch
Batting: LHB Brian Goodwin 0-0: Ball
1-0: Ball
2-0: Called Strike
2-1: Ball
3-1: Base on Balls
Jonathan Schoop to second
Batting: RHB Josh Donaldson 0-0: Called Strike
0-1: Called Strike
0-2: Foul Ball, location: 2F
0-2: Ball
1-2: Ball
2-2: Ball
3-2: Fly out, F4 (Popup, 34, EV 71.9 MPH)
Batting: RHB Randal Grichuk 0-0: Foul Ball, location: 2F
0-1: Fielders Choice at 2nd, 6-4 (Groundball, 6, EV 82.5 MPH)
Top of the 7th over - 0 runs, 0 hits, 0 errors, 2 left on base; Los Angeles 11 - Arizona 2
BOTTOM OF THE 7TH
Arizona Diamondbacks batting - Pitching for Los Angeles Dodgers : RHP Jonathan Holder
Now in LF: Franchy Cordero
Pinch Hitting: LHB Socrates Brito 0-0: Foul Ball, location: 2F
0-1: Ground out U3 (Groundball, 3L, EV 83.8 MPH)
Batting: LHB Raimel Tapia 0-0: Ball
1-0: Ground out 3-1 (Groundball, 34, EV 87.5 MPH)
Batting: LHB Alex Verdugo 0-0: Ball
1-0: Ball
2-0: Called Strike
2-1: Called Strike
2-2: Strikes out swinging
Bottom of the 7th over - 0 runs, 0 hits, 0 errors, 0 left on base; Los Angeles 11 - Arizona 2
TOP OF THE 8TH
Los Angeles Dodgers batting - Pitching for Arizona Diamondbacks : LHP Dan Jennings
Pitching: RHP Raynel Espinal
Batting: SHB Justin Smoak 0-0: Ball
1-0: Ball
2-0: Ball
3-0: Called Strike
3-1: Fly out, F9 (Flyball, 9LS, EV 86.3 MPH)
Batting: LHB Tony Wolters 0-0: Called Strike
0-1: Ball
1-1: Foul Ball, location: 2F
1-2: Ball
2-2: Foul Ball, location: 2F
2-2: Ball
3-2: Base on Balls
Batting: RHB Jonathan Holder 0-0: Sac Bunt to 15 - play at first, batter OUT! 1-4
Tony Wolters to second
Batting: RHB Jose Peraza 0-0: SINGLE (Groundball, 56D, EV 95.0 MPH)
Tony Wolters to third
Batting: LHB Franchy Cordero 0-0: Ball
1-0: Called Strike
1-1: Fly out, F9 (Flyball, 9LSF, EV 90.6 MPH)
Top of the 8th over - 0 runs, 1 hit, 0 errors, 2 left on base; Los Angeles 11 - Arizona 2
BOTTOM OF THE 8TH
Arizona Diamondbacks batting - Pitching for Los Angeles Dodgers : RHP Jonathan Holder
Batting: RHB Gleyber Torres 0-0: Ball
1-0: Ball
2-0: Ball
3-0: Called Strike
3-1: SINGLE (Line Drive, 8LS, EV 99.4 MPH)
Batting: LHB Ryan McMahon 0-0: Ball
1-0: Fielders Choice at 2nd, 5-4 (Groundball, 5, EV 91.9 MPH)
Batting: SHB Francisco Mejia 0-0: Ball
Wild Pitch!
Ryan McMahon to second
1-0: Ball
2-0: Called Strike
2-1: SINGLE (Line Drive, 8RS, EV 98.8 MPH)
Ryan McMahon to third
Pitching: RHP Jacob Barnes
Batting: LHB Josh Reddick 0-0: Called Strike
0-1: Ball
1-1: Foul Ball, location: 2F
1-2: Fly out, F7 (Flyball, 7LM, EV 91.3 MPH)
Runner from 3rd tags up, SCORES, throw by LF
Batting: RHB Tim Beckham 0-0: Ball
1-0: Ball
2-0: Called Strike
2-1: Fly out, F8 (Flyball, 8RM, EV 85.0 MPH)
Bottom of the 8th over - 1 run, 2 hits, 0 errors, 1 left on base; Los Angeles 11 - Arizona 3
TOP OF THE 9TH
Los Angeles Dodgers batting - Pitching for Arizona Diamondbacks : RHP Raynel Espinal
Batting: RHB Jonathan Schoop 0-0: Called Strike
0-1: Foul Ball, location: 2F
0-2: SOLO HOME RUN (Line Drive, 7D, EV 102.5 MPH), Distance : 375 ft
Batting: LHB Brian Goodwin 0-0: Called Strike
0-1: Ball
1-1: Ball
2-1: Called Strike
2-2: Ball
3-2: Foul Ball, location: 2F
3-2: Base on Balls
Batting: RHB Josh Donaldson 0-0: Called Strike
0-1: Foul Ball, location: 2F
0-2: Ball
1-2: Ball
2-2: Ball
3-2: Base on Balls
Brian Goodwin to second
Pitching: RHP Jandel Gustave
Batting: RHB Randal Grichuk 0-0: Called Strike
0-1: Ball
1-1: Foul Ball, location: 2F
1-2: Strikes out swinging
Batting: SHB Justin Smoak 0-0: Ball
1-0: Ball
2-0: Ball
3-0: Base on Balls
Brian Goodwin to third
Josh Donaldson to second
Batting: LHB Tony Wolters 0-0: Called Strike
0-1: Ball
1-1: Ball
2-1: Swinging Strike
2-2: Strikes out looking
Batting: RHB Jacob Barnes 0-0: Foul Ball, location: 2F
0-1: Fly out, F7 (Flyball, 7D, EV 102.5 MPH)
Top of the 9th over - 1 run, 1 hit, 0 errors, 3 left on base; Los Angeles 12 - Arizona 3
BOTTOM OF THE 9TH
Arizona Diamondbacks batting - Pitching for Los Angeles Dodgers : RHP Jacob Barnes
Batting: RHB Zack Short 0-0: Ball
1-0: Fly out, F3 (Popup, 34S, EV 72.5 MPH)
Pinch Hitting: RHB Christian Walker 0-0: Ball
1-0: Swinging Strike
1-1: Swinging Strike
1-2: Ball
2-2: Ball
3-2: Strikes out swinging
Batting: LHB Raimel Tapia 0-0: Fly out, F4 (Popup, 4M, EV 69.4 MPH)
Bottom of the 9th over - 0 runs, 0 hits, 0 errors, 0 left on base; Los Angeles 12 - Arizona 3
Monday, December 2nd, 2019 - OOTP Baseball 20.8 Build 73